 Dungeon Crawl Stone Soup version 0.20.0-15-g7f486f2 (webtiles) character file.

226995 systemy the Slayer (level 18, 0/273 HPs)
             Began as a Minotaur Berserker on June 23, 2017.
             Was the Champion of Trog.
             Succumbed to a merfolk javelineer's poison
             ... on level 4 of the Shoals.
             The game lasted 02:19:57 (42815 turns).

systemy the Slayer (Minotaur Berserker)            Turns: 42815, Time: 02:19:58

Health: 0/273      AC: 31    Str: 35    XL:     18   Next: 66%
Magic:  17/17      EV: 10    Int:  4    God:    Trog [******]
Gold:   3529       SH: 16    Dex: 10    Spells: 17/17 levels left

rFire    . . .     SeeInvis +   j - +14 obsidian axe {chop, +Fly SInv *Curse} (curse)
rCold    . . .     Gourm    .   u - +1 shield {reflect}
rNeg     . . .     Faith    .   z - +0 plate armour (curse)
rPois    .         Spirit   .   (helmet restricted)
rElec    .         Reflect  +   (no cloak)
rCorr    .         Harm     .   H - +0 pair of gloves
MR       +....                  K - +2 pair of boots
Stlth    ..........             (no amulet)
Regen    0.6/turn               L - +5 ring of protection
MPRegen  0.2/turn               e - +2 ring of protection

@: berserking, lethally poisoned (0 -> -21), mesmerised, slow
A: retaliatory headbutt, horns 2
}: 1/15 runes: serpentine
a: Berserk, Trog's Hand, Brothers in Arms, Burn Spellbooks, Renounce Religion,
Evoke Flight


You were on level 4 of the Shoals.
You worshipped Trog.
Trog was exalted by your worship.
You were very hungry.

You visited 5 branches of the dungeon, and saw 31 of its levels.
You also visited: Sewer.

You collected 3529 gold pieces.

Inventory:

Hand Weapons
 j - the cursed +14 obsidian axe (weapon) {chop, +Fly SInv *Curse}
   (Trog gifted it to you on level 2 of the Shoals)

   It inflicts extra damage upon your enemies.
   It lets you see invisible.
   It lets you fly.
   It curses itself when equipped.
   It has a curse placed upon it.
 Y - a +3 broad axe of flaming
Armour
 u - a +1 shield of reflection (worn)
 z - a cursed +0 plate armour (worn)
 H - a +0 pair of gloves (worn)
 K - a +2 pair of boots (worn)
Jewellery
 e - a +2 ring of protection (right hand)
 m - an uncursed amulet of guardian spirit {unknown}
 L - a +5 ring of protection (left hand)
Wands
 q - a wand of flame (23/48)
 s - a wand of digging (7/24)
 D - a wand of flame (36/48)
Scrolls
 h - 2 scrolls of fog
 i - a scroll of silence {unknown}
 l - 16 scrolls of identify
 n - 6 scrolls of enchant armour
 o - 3 scrolls of blinking
 p - 6 scrolls of teleportation
 t - 5 scrolls of fear
 w - 19 scrolls of remove curse
 x - 3 scrolls of magic mapping
 y - 4 scrolls of recharging
 B - 2 scrolls of holy word
 J - 3 scrolls of summoning
 N - 3 scrolls of enchant weapon
 X - a scroll of brand weapon {unknown}
Potions
 a - 5 potions of might
 b - 2 potions of cancellation
 d - 4 potions of curing
 k - 2 potions of flight
 r - 2 potions of magic
 A - 2 potions of ambrosia
 C - 4 potions of mutation {unknown}
 G - 4 potions of agility
 I - a potion of berserk rage {unknown}
 M - a potion of brilliance
 Q - 3 potions of haste
 R - 2 potions of resistance {unknown}
Comestibles
 c - 12 bread rations
 f - 3 royal jellies
 g - 5 meat rations
 v - 3 fruits


   Skills:
 + Level 21.6 Fighting
 + Level 20.7 Axes
 + Level 19.1 Armour
 - Level 2.1 Dodging
 + Level 15.7 Shields


You had 17 spell levels left.
You didn't know any spells.

Dungeon Overview and Level Annotations

Branches:
Dungeon (15/15)            Temple (0/1) D:4            Lair (6/6) D:11
 Shoals (4/4) Lair:2        Snake (4/4) Lair:3        Slime (0/5) Lair:5
    Orc (2/2) D:12            Elf (0/3) Orc:2        Vaults (0/5) D:14
 Depths (0/5) D:15

Altars:
Ashenzari
Fedhas
Hepliaklqana
Kikubaaqudgha
Makhleb
Okawaru
Ru
Sif Muna
Trog
Uskayaw
Yredelemnul
Zin
Jiyva

Shops:
D:4 }(((   Orc:1 !   Orc:2 !?:(


Innate Abilities, Weirdness & Mutations

You reflexively headbutt those who attack you in melee.
You have a pair of horns on your head.


Message History

The merfolk javelineer throws a steel javelin.
You reflect the steel javelin off your +1 shield of reflection!
The steel javelin hits the merfolk javelineer!
Unknown command.
You closely miss the merfolk javelineer.
Your headbutt misses the merfolk javelineer.
The merfolk javelineer is severely wounded.
You slice the merfolk impaler!!
* * * LOW HITPOINT WARNING * * *
You feel sick. The merfolk impaler barely misses you. You furiously retaliate!
You headbutt the merfolk impaler!
The snapping turtle bites you from afar.
* * * LOW HITPOINT WARNING * * *
Your soul eater hits the merfolk siren!
Your soul eater drains the merfolk siren!
You are too berserk!
You are too berserk!
You are too berserk!
Visions of slaying the merfolk javelineer flood into your mind.
You die...

≈≈≈≈≈≈≈≈≈≈≈≈≈≈≈≈.......†
≈≈≈≈≈≈≈≈≈≈≈≈≈≈≈........#
≈≈≈≈≈≈≈≈≈≈≈≈≈..........#
≈≈≈≈≈≈≈≈≈≈≈≈≈..........P
≈≈≈≈≈≈≈≈≈≈≈.............
≈≈≈≈≈≈≈≈≈≈......33333333
≈≈≈≈≈≈≈≈≈...............
≈≈≈≈##3##...≈#≈#≈.≈≈≈≈.
≈ #3@)##.≈#≈≈≈#≈≈.≈≈≈
#m3mmt#.#≈≈≈≈≈#.≈≈≈≈
#≈≈φ≈.#.≈≈≈≈≈≈≈..≈≈≈
#≈≈≈≈≈#.#≈≈≈≈≈#...≈≈
##≈(≈##≈≈#≈≈≈#≈.P..≈
#####≈≈≈≈#≈#≈.....≈
≈≈≈≈≈≈≈((3###.P..≈
..≈≈≈≈≈≈55....P≈≈≈
...≈≈≈≈≈≈≈...PP≈≈≈


You could see a merfolk impaler, a merfolk javelineer, a snapping turtle, a
merfolk siren, a friendly soul eater, a friendly sun demon and a friendly smoke
demon.

Vanquished Creatures
  Gastronok (Lair:1)
  Frances (D:12)
  12 nagarajas
  Ilsuiw (Shoals:4)
  Aizul (Snake:1)
  Nessos (Lair:4)
  The ghost of Thomus the Executioner, a journeyman MiBe of Trog (Lair:6)
  Josephine (Snake:1)
  3 merfolk javelineers (Shoals:4)
  4 merfolk impalers
  2 ice dragons (D:15)
  A rakshasa (D:15)
  21 naga warriors
  A catoblepas (Shoals:2)
  A merfolk aquamancer (Shoals:4)
  11 hydras
  4 two-headed ogres
  3 merfolk avatars
  4 centaur warriors
  5 anacondas
  A queen ant (Lair:3)
  2 satyrs
  2 tengu warriors (D:14)
  An alligator snapping turtle (Shoals:1)
  4 orc high priests
  4 death yaks (Lair:5)
  15 naga sharpshooters
  Nergalle (D:12)
  4 shock serpents
  Sonja (Orc:2)
  3 salamander mystics (Snake:4)
  A death drake (shapeshifter) (D:15)
  16 sea snakes
  8 naga ritualists
  6 orc knights
  A wolf spider zombie (D:14)
  25 harpies
  14 mana vipers
  A deep elf mage (D:13)
  3 orc sorcerers (Orc:2)
  8 ugly things
  8 fauns
  3 cyclopes
  10 manticores
  5 salamanders
  23 elephants
  39 black mambas
  7 water nymphs
  5 merfolk sirens
  8 guardian serpents
  2 gargoyles (D:14)
  15 spiny frogs
  19 naga magi
  The ghost of Merlin the Cutter, a novice DsCK of Xom (D:7)
  6 rime drakes (Lair:6)
  3 kobold demonologists
  An efreet (D:14)
  7 komodo dragons
  15 merfolk
  3 polar bears (Lair:6)
  2 tengu conjurers (D:15)
  A queen bee (D:13)
  3 meliai (D:13)
  6 trolls
  3 hornets
  6 wind drakes
  17 dream sheep
  7 slime creatures
  15 blink frogs
  8 snapping turtles
  Prince Ribbit (D:5)
  16 hippogriffs
  5 wraiths
  62 yaks
  A vampire (D:15)
  A wyvern (D:11)
  6 basilisks
  Grum (D:10)
  3 hungry ghosts
  8 water elementals
  16 humans (D:14)
  2 steam dragons
  10 vampire mosquitoes
  A warg (Orc:1)
  An acid dragon (D:12)
  74 nagas
  6 soldier ants
  11 water moccasins
  Purgy (Sewer)
  19 orc warriors
  7 porcupines
  3 ice beasts
  2 black bears
  A hornet zombie (D:14)
  2 sky beasts
  An eye of draining (D:6)
  3 phantoms
  15 ogres
  3 wolves
  13 crocodiles
  15 centaurs
  Blork the orc (D:5)
  2 big kobolds
  29 bullfrogs
  3 scorpions
  A wyvern skeleton (D:14)
  31 killer bees
  10 wights
  3 electric eels
  8 howler monkeys
  5 crimson imps
  3 bullfrog zombies
  2 quasits
  3 centaur zombies
  4 jellies
  29 orc wizards
  12 orc priests
  5 hounds
  5 centaur skeletons
  Jessica (D:3)
  7 iguanas
  Ijyb (D:2)
  Terence (D:2)
  4 hell rats (Lair:6)
  Natasha (twice) (D:2)
  13 worker ants
  2 hound skeletons
  2 worker ant zombies
  Robin (D:3)
  A howler monkey zombie (D:10)
  18 adders
  A gnoll (D:6)
  A howler monkey skeleton (D:6)
  8 river rats (D:5)
  2 shadow imps (D:13)
  2 adder zombies
  An adder skeleton (D:6)
  6 worms
  3 dart slugs
  3 leopard geckos
  66 orcs
  9 giant cockroaches
  23 goblins
  9 hobgoblins
  8 jackals
  13 quokkas
  6 ball pythons
  7 bats
  15 frilled lizards
  25 kobolds
  19 rats
  A bush (Lair:6)
  4 fungi
  50 plants
1249 creatures vanquished.

Vanquished Creatures (collateral kills)
  2 merfolk javelineers (Shoals:4)
  3 merfolk aquamancers
  A satyr (Shoals:3)
  A cyclops (Shoals:4)
  A faun (Shoals:3)
  A snapping turtle (Shoals:3)
  A water elemental (Shoals:3)
  5 plants
15 creatures vanquished.

Vanquished Creatures (others)
  A cyclops (Shoals:3)
  A water elemental (Shoals:4)
  A killer bee (D:11)
  A bush (Lair:6)
  14 fungi
  41 plants
  A withered plant (Shoals:2)
60 creatures vanquished.

Grand Total: 1324 creatures vanquished

Notes
Turn   | Place    | Note
-------+----------+-------------------------------------------
     0 | D:1      | systemy the Minotaur Berserker began the quest for the Orb.
     0 | D:1      | Reached XP level 1. HP: 19/19 MP: 0/0
   331 | D:1      | Reached XP level 2. HP: 27/27 MP: 1/1
   545 | D:1      | Reached skill level 4 in Fighting
   731 | D:2      | Reached XP level 3. HP: 27/33 MP: 2/2
  1087 | D:2      | Noticed Ijyb
  1099 | D:2      | Reached skill level 5 in Axes
  1100 | D:2      | Killed Ijyb
  1100 | D:2      | Reached XP level 4. HP: 4/41 MP: 3/3
  1352 | D:2      | Reached ** piety under Trog
  1354 | D:2      | Noticed Terence
  1363 | D:2      | Killed Terence
  1459 | D:2      | Reached XP level 5. HP: 30/47 MP: 4/4
  1862 | D:2      | Found a blossoming altar of Fedhas.
  1929 | D:2      | Noticed Natasha
  1964 | D:2      | Killed Natasha
  1964 | D:2      | Reached skill level 5 in Fighting
  2004 | D:2      | Noticed Natasha
  2018 | D:2      | Killed Natasha
  2488 | D:3      | Noticed Jessica
  2497 | D:3      | Killed Jessica
  2525 | D:3      | Reached *** piety under Trog
  2548 | D:3      | Reached XP level 6. HP: 32/56 MP: 5/5
  2905 | D:3      | Noticed Robin
  2916 | D:3      | Killed Robin
  3248 | D:3      | Found a bloodstained altar of Trog.
  3463 | D:3      | Reached **** piety under Trog
  3662 | D:4      | Found a hide-covered altar of Uskayaw.
  3691 | D:4      | Found a staircase to the Ecumenical Temple.
  3779 | D:4      | Found Benaerch's Gadget Boutique.
  3841 | D:4      | Found a bloodstained altar of Trog.
  3864 | D:4      | Found Fuomp's Weapon Emporium.
  3926 | D:4      | Found a sacrificial altar of Ru.
  3947 | D:4      | Reached skill level 6 in Fighting
  3947 | D:4      | Reached skill level 1 in Shields
  3947 | D:4      | Reached XP level 7. HP: 7/63 MP: 6/6
  4275 | D:4      | Found a deep blue altar of Sif Muna.
  4292 | D:4      | Found Libynoge's Antique Weapon Emporium.
  4302 | D:4      | Found Icoasheu's Antique Weapon Shop.
  4378 | D:4      | Found a glowing drain.
  4382 | Sewer    | Entered a sewer
  4464 | Sewer    | Noticed Purgy
  4472 | Sewer    | Killed Purgy
  4708 | D:4      | Reached skill level 5 in Armour
  4870 | D:5      | Entered Level 5 of the Dungeon
  4928 | D:5      | Reached XP level 8. HP: 49/71 MP: 7/7
  4962 | D:5      | Noticed Blork the orc
  4973 | D:5      | Killed Blork the orc
  5020 | D:5      | Reached skill level 7 in Fighting
  5037 | D:5      | Noticed Prince Ribbit
  5050 | D:5      | Killed Prince Ribbit
  5484 | D:5      | Reached ***** piety under Trog
  5586 | D:5      | Reached skill level 10 in Axes
  5810 | D:6      | Found a glowing silver altar of Zin.
  5923 | D:6      | Reached XP level 9. HP: 79/79 MP: 8/8
  6063 | D:6      | Found a hazy altar of Hepliaklqana.
  6189 | D:6      | Found a shattered altar of Ashenzari.
  6355 | D:6      | Reached skill level 8 in Fighting
  6768 | D:7      | Paralysed by fainting for 9 turns
  6784 | D:7      | Paralysed by fainting for 8 turns
  7256 | D:7      | Noticed Merlin's ghost (novice DsCK)
  7270 | D:7      | Killed Merlin's ghost
  7270 | D:7      | Reached XP level 10. HP: 90/90 MP: 9/9
  7295 | D:7      | Received a gift from Trog
  7601 | D:8      | Found a basalt altar of Yredelemnul.
  8146 | D:9      | Reached skill level 9 in Fighting
  8235 | D:9      | Found a bloodstained altar of Trog.
  8410 | D:9      | Found an iron altar of Okawaru.
  8410 | D:9      | Found an ancient bone altar of Kikubaaqudgha.
  8491 | D:9      | Found a burning altar of Makhleb.
  9052 | D:10     | Entered Level 10 of the Dungeon
  9461 | D:10     | Noticed a two-headed ogre
  9467 | D:10     | Noticed Grum
  9467 | D:10     | Killed a two-headed ogre
  9467 | D:10     | Reached skill level 10 in Fighting
  9477 | D:10     | Killed Grum
  9488 | D:10     | Reached skill level 5 in Shields
 10123 | D:10     | Reached XP level 11. HP: 82/101 MP: 10/10
 10788 | D:11     | Noticed a six-headed hydra
 10802 | D:11     | Killed an 11-headed hydra
 10802 | D:11     | Reached skill level 11 in Fighting
 10802 | D:11     | Reached skill level 10 in Armour
 10875 | D:11     | Noticed a green ugly thing
 10884 | D:11     | Killed a green ugly thing
 10889 | D:11     | Received a gift from Trog
 10936 | D:11     | Reached ****** piety under Trog
 11399 | D:11     | Found a staircase to the Lair.
 11619 | D:12     | Reached skill level 15 in Axes
 11903 | D:12     | Noticed Nergalle
 11915 | D:12     | Killed Nergalle
 11915 | D:12     | Reached skill level 12 in Fighting
 12147 | D:12     | Found a staircase to the Orcish Mines.
 12186 | D:12     | Reached XP level 12. HP: 113/113 MP: 11/11
 12460 | D:12     | Noticed a two-headed ogre
 12472 | D:12     | Killed a two-headed ogre
 13088 | D:12     | Reached skill level 13 in Fighting
 13207 | D:12     | Noticed Frances
 13222 | D:12     | Killed Frances
 13680 | D:13     | Noticed a five-headed hydra
 13687 | D:13     | Killed an eight-headed hydra
 13826 | D:13     | Noticed a two-headed ogre
 13833 | D:13     | Killed a two-headed ogre
 13852 | D:13     | Received a gift from Trog
 14424 | D:13     | Reached skill level 14 in Fighting
 14424 | D:13     | Reached XP level 13. HP: 124/124 MP: 12/12
 14491 | D:14     | Found a gate to the Vaults.
 14911 | D:14     | Received a gift from Trog
 15012 | D:14     | Reached skill level 15 in Fighting
 15017 | D:14     | Found a labyrinth entrance.
 15186 | D:15     | Entered Level 15 of the Dungeon
 16493 | D:15     | Found a staircase to the Depths.
 16547 | D:15     | Reached XP level 14. HP: 90/135 MP: 13/13
 17203 | Lair:1   | Entered Level 1 of the Lair of Beasts
 17398 | Lair:1   | Received a gift from Trog
 17497 | Lair:1   | Noticed Gastronok
 17509 | Lair:1   | Killed Gastronok
 18318 | Lair:2   | Found a staircase to the Shoals.
 18627 | Lair:2   | Reached skill level 16 in Fighting
 19455 | Lair:3   | Found a staircase to the Snake Pit.
 19464 | Lair:3   | Reached skill level 15 in Armour
 19474 | Lair:3   | Received a gift from Trog
 20326 | Lair:4   | Noticed Nessos
 20854 | Lair:4   | Killed Nessos
 21014 | Lair:5   | Reached skill level 10 in Shields
 21573 | Lair:5   | Reached skill level 17 in Fighting
 21586 | Lair:5   | Found a viscous altar of Jiyva.
 21587 | Lair:5   | Found a staircase to the Slime Pits.
 21642 | Lair:5   | Reached XP level 15. HP: 96/147 MP: 14/14
 22387 | Lair:6   | Entered Level 6 of the Lair of Beasts
 22541 | Lair:6   | Received a gift from Trog
 22551 | Lair:6   | Got a dazzling broad axe {god gift}
 22552 | Lair:6   | Identified the +6 broad axe "Tierudghy" {drain, Str+2} (Trog gifted it to you on level 6 of the Lair of Beasts)
 22749 | Lair:6   | Noticed Thomus's ghost (journeyman MiBe)
 23255 | Lair:6   | Killed Thomus's ghost
 23331 | Lair:6   | Reached skill level 18 in Fighting
 23867 | Lair:6   | Received a gift from Trog
 25076 | Orc:1    | Entered Level 1 of the Orcish Mines
 25258 | Orc:1    | Found Domnyd's Distillery.
 25648 | Orc:2    | Entered Level 2 of the Orcish Mines
 25840 | Orc:2    | Found a staircase to the Elven Halls.
 25906 | Orc:2    | Received a gift from Trog
 25916 | Orc:2    | Found Nexkenai's Weapon Boutique.
 25916 | Orc:2    | Found Jairaroo's Book Shoppe.
 25921 | Orc:2    | Found Cyjoh's Distillery.
 25921 | Orc:2    | Found Foipy's Magic Scroll Boutique.
 26082 | Orc:2    | Noticed Sonja
 26088 | Orc:2    | Killed Sonja
 27400 | Snake:1  | Entered Level 1 of the Snake Pit
 27522 | Snake:1  | Noticed Aizul
 27540 | Snake:1  | Killed Aizul
 27934 | Snake:1  | Noticed Josephine
 27942 | Snake:1  | Killed Josephine
 27950 | Snake:1  | Reached XP level 16. HP: 154/159 MP: 15/15
 29838 | Snake:2  | Received a gift from Trog
 31098 | Snake:3  | Reached skill level 19 in Fighting
 32800 | Snake:4  | Entered Level 4 of the Snake Pit
 33141 | Snake:4  | Received a gift from Trog
 34089 | Snake:4  | Reached XP level 17. HP: 159/168 MP: 16/16
 34799 | Snake:4  | Received a gift from Trog
 35869 | Snake:4  | Reached skill level 20 in Fighting
 35876 | Snake:3  | HP: 6/170 [poisoned by a nagaraja (bolt of poison)]
 36981 | Snake:4  | Received a gift from Trog
 37792 | Snake:4  | Got a serpentine rune of Zot
 38732 | Shoals:1 | Entered Level 1 of the Shoals
 39305 | Shoals:1 | Received a gift from Trog
 39751 | Shoals:1 | Reached XP level 18. HP: 178/180 MP: 17/17
 40373 | Shoals:2 | Reached skill level 21 in Fighting
 41157 | Shoals:2 | Reached skill level 15 in Shields
 41292 | Shoals:2 | Received a gift from Trog
 42172 | Shoals:4 | Entered Level 4 of the Shoals
 42549 | Shoals:4 | Received a gift from Trog
 42603 | Shoals:4 | Noticed Ilsuiw
 42626 | Shoals:4 | Killed Ilsuiw
 42812 | Shoals:4 | HP: 6/273 [snapping turtle (8)]
 42814 | Shoals:4 | HP: 2/273 [snapping turtle (2)]
 42815 | Shoals:4 | Succumbed to a merfolk javelineer's poison

Skill      XL: |  1  2  3  4  5  6  7  8  9 10 11 12 13 14 15 16 17 18 |
---------------+-------------------------------------------------------+-----
Axes           | 4 5 6 7 9 10 12 14 15 16 17 18 20 | 20.7
Fighting       | 4 5 6 7 8 10 12 14 15 17 18 19 20 21 | 21.6
Armour         | 3 4 5 6 8 9 11 13 14 15 16 17 18 19 | 19.1
Shields        | 1 2 3 4 5 7 9 10 11 12 14 15 | 15.7
Dodging        | |  2.1

Action                   |  1- 3 |  4- 6 |  7- 9 | 10-12 | 13-15 | 16-18 || total
-------------------------+-------+-------+-------+-------+-------+-------++-------
Melee: Hand axe          |    68 |   184 |   309 |   619 |    66 |       ||  1246
       Headbutt          |    14 |    25 |    63 |   201 |   291 |   230 ||   824
       War axe           |       |       |       |       |   699 |       ||   699
       Broad axe         |       |       |       |       |   383 |  1037 ||  1420
Invok: Berserk           |     1 |     2 |     2 |    10 |    16 |    13 ||    44
       Trog's Hand       |       |     1 |       |       |       |     1 ||     2
       Burn Spellbooks   |       |       |     2 |     1 |     3 |     1 ||     7
  Use: Scroll            |       |    11 |     2 |    10 |     8 |     6 ||    37
       Potion            |       |       |     1 |    11 |     3 |    10 ||    25
 Stab: Paralysed         |       |     1 |       |     2 |       |       ||     3
       Distracted        |       |       |       |       |       |     2 ||     2
  Eat: Meat ration       |       |     1 |       |       |       |     3 ||     4
       Chunk             |       |     7 |    10 |    30 |    48 |    20 ||   115
       Fruit             |       |       |     5 |     4 |    11 |     8 ||    28
       Bread ration      |       |       |       |       |     1 |     2 ||     3
       Royal jelly       |       |       |       |       |       |     3 ||     3
Armor: Leather armour    |    19 |    37 |    12 |       |       |       ||    68
       Chain mail        |       |       |    34 |       |       |       ||    34
       Ring mail         |       |       |    48 |   117 |       |       ||   165
       Plate armour      |       |       |       |   141 |   775 |   668 ||  1584
Dodge: Dodged            |    46 |   106 |   123 |   219 |   382 |   315 ||  1191
Block: Buckler           |     7 |    17 |    34 |   101 |   302 |   221 ||   682
       Shield            |       |       |       |       |       |   169 ||   169
       Reflection        |       |       |       |       |       |    27 ||    27
